 Dungeon Crawl Stone Soup version 0.23.0 (webtiles) character file.

Game seed: 14719760138549141258

701 Gargoyl the Skirmisher (level 7, 0/59 HPs)
             Began as a Centaur Abyssal Knight on Feb 9, 2019.
             Was a Priest of Lugonu.
             Slain by Blork the orc
             ... wielding a +1 mace of draining
              (1 damage)
             ... on level 5 of the Dungeon.
             The game lasted 00:05:26 (4380 turns).

Gargoyl the Skirmisher (Centaur Abyssal Knight)     Turns: 4380, Time: 00:05:27

Health: 0/59       AC:  7    Str: 13 (14) XL:     7   Next: 38%
Magic:  9/9        EV:  3    Int: 11      God:    Lugonu [***...]
Gold:   207        SH:  0    Dex: 10 (11) Spells: 6/6 levels left

rFire    + . .     SeeInvis .   e - +1 battleaxe (chop)
rCold    . . .     Gourm    .   (shield currently unavailable)
rNeg     . . .     Faith    .   o - +0 chain mail
rPois    .         Spirit   .   (no helmet)
rElec    .         Reflect  .   (no cloak)
rCorr    .         Harm     .   (no gloves)
MR       .....                  (no barding)
Stlth    ..........             (no amulet)
HPRegen  0.19/turn              j - ring of protection from fire
MPRegen  0.11/turn              (no ring)

@: lethally poisoned (0 -> -2), heavily drained, very quick
A: large, hooves 3, deformed body, speed 2, tough skin 3
a: Depart the Abyss, Bend Space, Banish, Renounce Religion


You were on level 5 of the Dungeon.
You worshipped Lugonu.
Lugonu was most pleased with you.
You were hungry.

You visited 1 branch of the dungeon, and saw 7 of its levels.
You visited the Abyss 1 time.

You collected 207 gold pieces.

Inventory:

Hand Weapons
 a - a +1 hand axe
 e - a +1 battleaxe of chopping (weapon)
Armour
 g - a +0 ring mail
 o - a +0 chain mail (worn)
Jewellery
 j - a ring of protection from fire (left hand)
Wands
 d - a wand of digging (5)
 l - a wand of scattershot (4)
Scrolls
 b - a scroll of teleportation
 f - 3 scrolls of remove curse
 h - 3 scrolls of identify
 i - 2 scrolls of fog
Potions
 m - a potion of magic
Comestibles
 c - 5 rations


   Skills:
 + Level 4.0(1.9) Fighting
 + Level 4.0(1.9) Axes
 * Level 3.9(1.8) Armour
 * Level 2.3(0.3) Dodging
 * Level 3.8(1.7) Invocations


You had 6 spell levels left.
You didn't know any spells.
Your spell library was empty.

Dungeon Overview and Level Annotations

Branches:
Dungeon (7/15)
 Temple: D:4-7

Altars:
Cheibriados
Dithmenos
Fedhas
Gozag
Nemelex Xobeh
Okawaru
Ru
Sif Muna
Vehumet
Xom

Annotations:
D:4 Edmund
D:5 Blork the orc


Innate Abilities, Weirdness & Mutations

You have hooves in place of feet.
Armour fits poorly on your strangely shaped body.
You cover ground very quickly.
You have extremely tough skin. (AC +3)


Message History

Deactivating autopickup; reactivate with Ctrl-A.
Something hits you.
* * * LOW HITPOINT WARNING * * *
You feel drained.
* * * LOW HITPOINT WARNING * * *
You closely miss something. Something hits you but does no damage.
You feel drained.
The orc wizard hits you but does no damage.
You are poisoned.
Unknown command.
You hit the orc wizard. Your kick misses the orc wizard.
The orc wizard is heavily wounded.
You barely miss something.
* * * LOW HITPOINT WARNING * * *
You feel sick.
The orc wizard casts a spell.
The orc wizard flickers and vanishes!
Something hits you.
* * * LOW HITPOINT WARNING * * *
You feel drained.
You die...

#...###
..#(..#
##.....
##.....
.....
.o. #{#
#@# #o#
#{# #.#
#..
#.#.
#.#.#
#.. .
#.# ##


You could see an orc wizard and an orc.

Vanquished Creatures
  Grinder (D:4)
  Sigmund (D:3)
  A scorpion (D:3)
  A hound (D:6)
  An orc priest (D:3)
  Jessica (D:3)
  Natasha (thrice) (D:3)
  A worker ant (D:3)
  3 adders
  2 worms (D:2)
  3 dart slugs
  4 leopard geckos
  6 orcs
  7 bats
  6 giant cockroaches
  8 goblins
  9 hobgoblins
  2 quokkas (D:3)
  3 ball pythons (D:3)
  3 frilled lizards
  11 kobolds
  7 rats
84 creatures vanquished.

Notes
Turn   | Place    | Note
-------+----------+-------------------------------------------
     0 | Abyss:1  | Gargoyl the Centaur Abyssal Knight began the quest for the
                  | Orb.
     0 | Abyss:1  | Reached XP level 1. HP: 19/19 MP: 2/2
    17 | Abyss:2  | Found a corrupted altar of Lugonu.
    47 | Abyss:2  | Noticed a small abomination
    91 | Abyss:3  | Found a corrupted altar of Lugonu.
   103 | Abyss:3  | Noticed a great orb of eyes
   134 | Abyss:3  | Noticed a chaos spawn
   136 | D:1      | Escaped the Abyss
   328 | D:1      | Reached * piety under Lugonu
   396 | D:1      | Reached XP level 2. HP: 21/26 MP: 3/3
   634 | D:1      | Reached skill level 1 in Dodging
   895 | D:1      | Reached XP level 3. HP: 22/31 MP: 4/4
  1221 | D:2      | Found an opulent altar of Gozag.
  1222 | D:2      | Found a sparkling altar of Nemelex Xobeh.
  1677 | D:2      | Reached ** piety under Lugonu
  2005 | D:2      | Reached XP level 4. HP: 14/38 MP: 5/5
  2601 | D:3      | Noticed Sigmund
  2611 | D:3      | Killed Sigmund
  2611 | D:3      | Reached XP level 5. HP: 24/45 MP: 5/7
  2884 | D:3      | Noticed Natasha
  2894 | D:3      | Killed Natasha
  2894 | D:3      | Reached XP level 6. HP: 34/52 MP: 8/8
  3043 | D:3      | Found a blossoming altar of Fedhas.
  3343 | D:3      | Noticed Natasha
  3349 | D:3      | Killed Natasha
  3398 | D:3      | Noticed Natasha
  3404 | D:3      | Killed Natasha
  3438 | D:3      | Found a sacrificial altar of Ru.
  3438 | D:3      | Found a radiant altar of Vehumet.
  3439 | D:3      | Found a shadowy altar of Dithmenos.
  3688 | D:3      | Noticed Jessica
  3726 | D:3      | Killed Jessica
  3902 | D:3      | Found a shimmering altar of Xom.
  3918 | D:3      | Reached *** piety under Lugonu
  3923 | D:3      | Found a burning altar of Makhleb.
  3923 | D:3      | Found a snail-covered altar of Cheibriados.
  3927 | D:3      | Found an opulent altar of Gozag.
  3927 | D:3      | Found an iron altar of Okawaru.
  3927 | D:3      | Found a deep blue altar of Sif Muna.
  4071 | D:4      | Noticed Grinder
  4086 | D:4      | Paralysed by Grinder for 3 turns
  4096 | D:4      | Killed Grinder
  4096 | D:4      | Reached XP level 7. HP: 28/58 MP: 9/9
  4314 | D:4      | Noticed Edmund
  4315 | D:4      | You fall through a shaft for 3 floors!
  4371 | D:5      | Entered Level 5 of the Dungeon
  4371 | D:5      | Noticed Blork the orc
  4380 | D:5      | HP: 1/59 [something (2)]
  4380 | D:5      | Slain by Blork the orc

Skill      XL: |  1  2  3  4  5  6  7 |
---------------+----------------------+-----
Axes           | 2 3 4 |  4.0
Dodging        | 1 2 |  2.3
Armour         | 2 3 |  3.9
Invocations    | 3 |  3.8
Fighting       | 4 |  4.0

Action                   |  1- 3 |  4- 6 |  7- 9 || total
-------------------------+-------+-------+-------++-------
Melee: Battleaxe         |   106 |   119 |    11 ||   236
       Kick              |    11 |    22 |     3 ||    36
Invok: Depart the Abyss  |     1 |       |       ||     1
  Use: Scroll            |     5 |       |       ||     5
       Potion            |     4 |     3 |       ||     7
  Eat: Chunk             |     2 |     7 |       ||     9
Armor: Ring mail         |    56 |    64 |       ||   120
       Chain mail        |       |    38 |     7 ||    45
Dodge: Dodged            |    58 |    60 |     3 ||   121
